 Dungeon Crawl Stone Soup version 0.28.0 (webtiles) character file.

Game seed: 1418004796828354234

14800 issech the Spear-Bearer (level 11, -2/95 HPs)
             Began as a Troll Monk on Feb 19, 2022.
             Was a High Priest of Hepliaklqana.
             Slain by a phantasmal warrior (14 damage)
             ... led by a death knight
             ... on level 12 of the Dungeon.
             The game lasted 00:51:28 (11173 turns).

issech the Spear-Bearer (Troll Monk)               Turns: 11173, Time: 00:51:28

Health: -2/95      AC: 22    Str: 21    XL:     11   Next: 93%
Magic:  10/10      EV: 11    Int:  9    God:    Hepliaklqana [*****.]
Gold:   499        SH: 10    Dex: 18    Spells: 10/10 levels left

rFire   + . .      SeeInvis .   j - +2 trident "Kamoonig" {venom, rF+ rN+ Will++}
rCold   . . .      Faith    .   U - +0 kite shield of Egalitarianism {+Inv}
rNeg    + . .      Spirit   .   N - quicksilver dragon scales of Plog {Will+ Int+3 Dex+2}
rPois   .          Reflect  .   (helmet restricted)
rElec   .          Harm     .   x - +0 cloak
rCorr   .          Rampage  .   (gloves unavailable)
Will    +....                   (boots unavailable)
Stlth   ++........              s - amulet of the acrobat
HPRegen 1.05/turn               d - +4 ring of protection
MPRegen 0.12/turn               l - +4 ring of protection

@: weak-willed, studying Throwing
A: reduced essence, large, unfitting armour, claws 3, regeneration 1, shaggy fur
1, tough skin 1
a: Renounce Religion, Evoke Invisibility, Recall Ancestor, Ancestor Identity,
Transference, Idealise


You were on level 12 of the Dungeon.
You worshipped Hepliaklqana.
Hepliaklqana was extremely pleased with you.
You visited 2 branches of the dungeon, and saw 13 of its levels.
You also visited: Sewer.

You collected 755 gold pieces.
You spent 256 gold pieces at shops.

Inventory:

Hand Weapons
 a - a +0 vorpal flail
 j - the +2 trident "Kamoonig" (weapon) {venom, rF+ rN+ Will++}
   (You found it on level 2 of the Dungeon)

   It poisons the flesh of those it strikes.
   rF:        It protects you from fire.
   rN:        It protects you from negative energy.
   Will:      It greatly increases your willpower.
 H - a +4 whip
 I - a +0 spectral quarterstaff
 J - a +2 spear of venom
 M - a +0 giant spiked club of venom
Missiles
 c - 538 stones
 e - 6 large rocks (quivered)
 i - 60 bolts
 k - 205 arrows
 o - 5 curare-tipped darts
 u - 32 poisoned darts
 v - 3 datura-tipped darts
 C - 18 sling bullets
 S - 10 throwing nets
 V - 14 boomerangs of dispersal
 X - 4 atropa-tipped darts
Armour
 x - a +0 cloak (worn)
 N - the quicksilver dragon scales of Plog (worn) {Will+ Int+3 Dex+2}
   (You found it on level 5 of the Dungeon)

   Int:       It affects your intelligence (+3).
   Dex:       It affects your dexterity (+2).
   Will:      It increases your willpower.
 R - a +0 troll leather armour
 U - the +0 kite shield of Egalitarianism (worn) {+Inv}
   (You bought it in a shop on level 7 of the Dungeon)

   +Inv:      It lets you turn invisible.
 Z - +0 acid dragon scales
Jewellery
 d - a +4 ring of protection (left claw)
 f - a ring of magical power
 l - a +4 ring of protection (right claw)
 m - a ring of see invisible
 n - a +6 ring of intelligence
 s - an amulet of the acrobat (around neck)
 y - a ring of wizardry
 G - a +6 ring of strength
 K - a ring of ice
Wands
 z - a wand of flame (18)
 B - a wand of polymorph (4)
 E - a wand of paralysis (14)
 T - a wand of iceblast (45)
Scrolls
 b - 3 scrolls of teleportation
 r - 2 scrolls of amnesia
 O - a scroll of fear
 P - 2 scrolls of enchant weapon
 Q - a scroll of blinking
Potions
 g - 2 potions of might
 h - 4 potions of mutation
 p - 2 potions of degeneration
 q - 3 potions of heal wounds
 t - 3 potions of flight
 w - 5 potions of ambrosia
 A - a potion of berserk rage
 D - a potion of magic
 F - 4 potions of curing
 L - a potion of haste {unknown}
 W - a potion of brilliance {unknown}
 Y - 2 potions of resistance {unknown}


   Skills:
 + Level 6.3 Fighting
 + Level 4.0 Maces & Flails
 + Level 10.1 Polearms
 + Level 1.3 Throwing
 + Level 5.6 Armour
 + Level 7.5 Dodging
 + Level 2.8 Stealth
 + Level 5.1 Shields


You had 10 spell levels left.
You didn't know any spells.
Your spell library contained the following spells:

 Spells                   Type           Power      Damage    Failure   Level
 Summon Small Mammal      Summ           0%         N/A       82%         1
 Ensorcelled Hibernation  Hex/Ice        0%         N/A       91%         2
 Passwall                 Tmut/Erth      0%         N/A       91%         2
 Call Canine Familiar     Summ           0%         N/A       99%         3
 Spider Form              Tmut/Pois      0%         N/A       99%         3
 Summon Guardian Golem    Hex/Summ       0%         N/A       99%         3
 Swiftness                Air            0%         N/A       99%         3
 Tukima's Dance           Hex            0%         N/A       99%         3
 Anguish                  Hex/Necr       0%         N/A       100%        4
 Olgreb's Toxic Radiance  Pois           0%         N/A       100%        4
 Passage of Golubria      Tloc           0%         N/A       100%        4
 Yara's Violent Unravell  Hex/Tmut       0%         3d3       100%        5
 Ozocubu's Refrigeration  Ice            0%         4d5       100%        7
 Ignition                 Fire           0%         3d3       100%        8


Dungeon Overview and Level Annotations

Branches:
Dungeon (12/15)            Temple (1/1) D:7            Lair (0/6) D:11
    Orc (0/2) D:10          Sewer (visited)

Altars:
Ashenzari
Cheibriados
Dithmenos
Elyvilon
Fedhas
Gozag
Hepliaklqana
Kikubaaqudgha
Makhleb
Nemelex Xobeh
Okawaru
Qazlal
Ru
Sif Muna
Trog
Uskayaw
Vehumet
Wu Jian
Xom
Yredelemnul
Zin
The Shining One

Shops:
D:7 [   D:9 *   D:12 *

Annotations:
D:12 3 runed translucent doors, Lobster4's ghost, adept HuWn


Innate Abilities, Weirdness & Mutations

Your life essence is reduced to manifest your ancestor. (-10% HP)
You are too large for most types of armour.
You have claws for hands.
Your natural rate of healing is unusually fast.
You are covered in fur. (AC +1)
You have tough skin. (AC +1)


Message History

The phantasmal warrior closely misses you.
The freezing wraith hits you. The freezing wraith freezes you!
* * * LOW HITPOINT WARNING * * *
The freezing wraith hits you but does no damage.
You hit the phantasmal warrior but do no damage.
The phantasmal warrior is severely damaged.
The phantasmal warrior hits you but does no damage.
You block the freezing wraith's attack. x2
The phantasmal warrior closely misses you.
You hit the phantasmal warrior but do no damage.
The phantasmal warrior is severely damaged.
The freezing wraith hits you but does no damage.
You block the freezing wraith's attack. The phantasmal warrior hits you.
* * * LOW HITPOINT WARNING * * *
You barely miss the phantasmal warrior.
The phantasmal warrior is severely damaged.
The freezing wraith hits you.
* * * LOW HITPOINT WARNING * * *
The freezing wraith freezes you!!
* * * LOW HITPOINT WARNING * * *
The freezing wraith hits you but does no damage.
You block the phantasmal warrior's attack.
The freezing wraith hits you but does no damage. x2
Blink to where?
Press: ? - help, Dir - move target
As you read the scroll of blinking, it crumbles to dust.
The phantasmal warrior gestures at you.
The phantasmal warrior blinks!
The phantasmal warrior gestures at you.
The phantasmal warrior blinks!
The phantasmal warrior gestures at you.
The phantasmal warrior blinks!
You hit the phantasmal warrior but do no damage.
The phantasmal warrior is severely damaged.
You block the phantasmal warrior's attack.
You hit the phantasmal warrior.
The phantasmal warrior is severely damaged.
You feel yourself speed up. The phantasmal warrior hits you!
You die...

#.# #.#........# #.#
#.#.#.∩.#..# #.#
#.#........# #.#######
#.#...#....# #.......#
#W#.#...####
###########.# #W#.#####
.........##.# #.#.#
########.##.#######W#.#
#.......W@.....#
################


You could see a phantasmal warrior and a freezing wraith.

Vanquished Creatures
  A manticore (D:12)
  2 cyclopes
  2 kobold demonologists
  An unseen horror (D:11)
  3 trolls
  9 yaks
  3 vampire mosquitoes
  A steam dragon (D:8)
  An acid dragon (D:11)
  Pargi (Sewer)
  3 ice beasts
  2 black bears
  A sky beast (D:5)
  3 ogres
  A phantom (D:5)
  A centaur (D:8)
  2 lemures (D:8)
  3 kobold brigands
  4 scorpions
  4 killer bees
  A howler monkey (D:12)
  A centaur zombie (D:6)
  4 bullfrog zombies
  4 jellies
  2 gnoll shamans
  3 orc priests
  A bullfrog skeleton (D:6)
  3 centaur skeletons
  4 iguanas
  Terence (D:3)
  A killer bee zombie (D:7)
  A hound zombie (D:5)
  2 hound skeletons (D:4)
  22 gnolls
  15 adders
  A shadow imp (D:5)
  2 white imps
  2 ufetubi (D:4)
  A worm (D:4)
  2 dart slugs
  11 orcs
  11 ball pythons
  5 bats
  3 endoplasms
  5 giant cockroaches
  6 hobgoblins
  9 jackals
  4 quokkas
  2 frilled lizards (D:1)
  19 kobolds
  6 rats
202 creatures vanquished.

Vanquished Creatures (collateral kills)
  2 two-headed ogres
  Pikel (D:8)
  A phantasmal warrior (D:12)
  A deep elf pyromancer (D:12)
  An ugly thing (D:11)
  Joseph (D:8)
  Psyche (D:8)
  An efreet (D:12)
  A troll (D:11)
  A hornet (D:9)
  A wraith (D:10)
  6 yaks
  A basilisk (D:12)
  A steam dragon (D:8)
  6 vampire mosquitoes
  A centaur (D:9)
  2 wolves (D:9)
  2 lemures (D:8)
  2 kobold brigands
  3 scorpions (D:10)
  2 gnoll sergeants (D:9)
  7 killer bees
  2 centaur zombies
  A howler monkey (D:12)
  2 gnoll shamans (D:9)
  A hound (D:9)
  An orc wizard (D:9)
  14 gnolls (D:9)
  An adder (D:10)
  The ghost of spaghetti the Sneak, a weakling DsDe (D:5)
  An orc (D:9)
  2 bats (D:10)
  A jackal (D:9)
  3 kobolds (D:10)
75 creatures vanquished.

Vanquished Creatures (others)
  5 battlemagi
  16 fungi (D:10)
  2 plants (D:6)
23 creatures vanquished.

Grand Total: 300 creatures vanquished

Notes
Turn   | Place    | Note
-------+----------+-------------------------------------------
     0 | D:1      | issech the Troll Monk began the quest for the Orb.
     0 | D:1      | Reached XP level 1. HP: 22/22 MP: 0/0
    91 | D:1      | Reached XP level 2. HP: 29/29 MP: 1/1
   388 | D:1      | Reached XP level 3. HP: 14/36 MP: 2/2
   664 | D:2      | Identified the +2 trident "Kamoonig" {venom, rF+ rN+
                  | Will++}
   779 | D:2      | Reached XP level 4. HP: 43/44 MP: 3/3
   897 | D:2      | Reached XP level 5. HP: 53/53 MP: 4/4
  1151 | D:3      | Reached skill level 1 in Polearms
  1303 | D:3      | Noticed Terence
  1312 | D:3      | Killed Terence
  1797 | D:4      | Reached skill level 2 in Polearms
  1797 | D:4      | Reached XP level 6. HP: 61/61 MP: 5/5
  2152 | D:4      | Reached skill level 3 in Polearms
  2198 | D:4      | Found a glowing drain.
  2213 | Sewer    | Entered a sewer
  2279 | Sewer    | Noticed Pargi
  2290 | Sewer    | Killed Pargi
  2291 | Sewer    | Reached XP level 7. HP: 63/67 MP: 6/6
  2873 | D:5      | Entered Level 5 of the Dungeon
  3168 | D:5      | Noticed spaghetti's ghost (weakling DsDe)
  3225 | D:5      | Found a transporter.
  3238 | D:5      | Reached skill level 4 in Polearms
  3240 | D:5      | Found a transporter.
  3581 | D:5      | Reached XP level 8. HP: 74/78 MP: 7/7
  3593 | D:5      | Reached skill level 5 in Polearms
  3696 | D:5      | Identified the quicksilver dragon scales of Plog {Will+
                  | Int+3 Dex+2}
  4486 | D:6      | Noticed a cyclops
  4517 | D:6      | Killed a cyclops
  4518 | D:6      | Reached skill level 6 in Polearms
  4518 | D:6      | Reached skill level 5 in Dodging
  4525 | D:6      | Reached XP level 9. HP: 68/85 MP: 8/8
  4589 | D:6      | Reached skill level 1 in Armour
  4695 | D:6      | Identified a scroll of acquirement
  4696 | D:6      | Acquired a manual of Throwing
  4712 | D:6      | Found a basalt altar of Yredelemnul.
  4865 | D:6      | Reached skill level 7 in Polearms
  5107 | D:7      | Found a shimmering altar of Xom.
  5151 | D:7      | Noticed a troll
  5160 | D:7      | Killed a troll
  5188 | D:7      | Found Moxkea's Antique Armour Shoppe.
  5265 | D:7      | Bought a bloodstained kite shield for 256 gold pieces
  5265 | D:7      | Identified the +0 kite shield of Egalitarianism {+Inv} (You
                  | bought it in a shop on level 7 of the Dungeon)
  5307 | D:7      | Noticed a troll
  5328 | D:7      | Killed a troll
  5329 | D:7      | Reached skill level 5 in Fighting
  5541 | D:7      | Found a staircase to the Ecumenical Temple.
  5550 | Temple   | Entered the Ecumenical Temple
  5838 | Temple   | Became a worshipper of Hepliaklqana the Forgotten
  5838 | Temple   | Reached * piety under Hepliaklqana
  5838 | Temple   | Reached ** piety under Hepliaklqana
  5839 | Temple   | Remembered your ancestor Keminub as a battlemage
  6331 | D:5      | Killed spaghetti's ghost
  6344 | D:5      | Reached skill level 1 in Shields
  6478 | D:8      | Noticed Pikel
  6575 | D:8      | Noticed Psyche
  6579 | D:8      | Killed Psyche
  6580 | D:8      | Reached skill level 8 in Polearms
  6580 | D:8      | Reached XP level 10. HP: 86/86 MP: 9/9
  6660 | D:8      | Killed Pikel
  6913 | D:8      | Noticed Joseph
  6928 | D:8      | Killed Joseph
  6929 | D:8      | Reached skill level 1 in Throwing
  7087 | D:8      | Found a snail-covered altar of Cheibriados.
  7287 | D:9      | Reached *** piety under Hepliaklqana
  7354 | D:9      | Reached skill level 9 in Polearms
  7759 | D:9      | Noticed a two-headed ogre
  7768 | D:9      | Killed a two-headed ogre
  7769 | D:9      | Reached XP level 11. HP: 66/94 MP: 10/10
  7832 | D:9      | Found Gepiposa's Assorted Antiques.
  8075 | D:9      | Found a sacrificial altar of Ru.
  8360 | D:10     | Entered Level 10 of the Dungeon
  8528 | D:10     | Reached **** piety under Hepliaklqana
  8724 | D:10     | Noticed a two-headed ogre
  8737 | D:10     | Killed a two-headed ogre
  8845 | D:10     | Found a staircase to the Orcish Mines.
  9275 | D:11     | Reached skill level 5 in Armour
  9361 | D:11     | Noticed a soul eater
  9625 | D:11     | Found a staircase to the Lair.
 10114 | D:11     | Noticed a cyan ugly thing
 10125 | D:11     | Killed a cyan ugly thing
 10662 | D:12     | Noticed a sun demon
 10707 | D:12     | Found an ornate altar of the Wu Jian Council.
 10759 | D:12     | Found a runed translucent gate.
 10759 | D:12     | Found a runed translucent gate.
 10760 | D:12     | Found a runed translucent gate.
 10760 | D:12     | Reached ***** piety under Hepliaklqana
 10762 | D:12     | Noticed a minotaur
 10765 | D:12     | Noticed Lobster4's ghost (adept HuWn)
 10833 | D:12     | Reached skill level 10 in Polearms
 10881 | D:12     | Reached skill level 5 in Shields
 11015 | D:12     | Noticed a deep elf pyromancer
 11025 | D:12     | Killed a deep elf pyromancer
 11086 | D:12     | Found Xuliysm's Demolitions Depot.
 11119 | D:12     | Noticed a phantasmal warrior
 11126 | D:12     | Noticed a phantasmal warrior
 11131 | D:12     | Killed a phantasmal warrior
 11173 | D:12     | Slain by a phantasmal warrior

Illustrated notes

Levels and vault maps discovered:
D:1:      ebering_trefoil_twist, layout_basic
D:2:      minmay_kobold_bridge, layout_basic
D:3:      layout_basic, uniq_terence
D:4:      layout_loops_corners, cheibrodos_sewer_entry_bend
D:5:      minmay_octagon_keep, layout_basic, gammafunk_ghost_hive
D:6:      layout_basic, mainiacjoe_overflow_tiny_flanked, grunt_potential
D:7:      layout_gridville, mainiacjoe_overflow_24_doors,
          minmay_temple_entry_poolview, serial_shops, nicolae_square_shop,
          hangedman_abyss_or_decor_stagger, minmay_unpleasant_kobolds
D:8:      layout_basic, kennysheep_mini, uniq_joseph, uniq_pikel, uniq_psyche
D:9:      layout_cave_pools, mainiacjoe_overflow_surrounded_room,
          serial_gnoll_camp, gnoll_camp_mini_loothouse, gnoll_camp_mini_shop,
          gnoll_camp_medium_01, gnoll_camp_medium_02, mumra_transporter_accident
D:10:     old_forge, layout_irregular_city
D:11:     layout_layer_cave, lair_entry_dummy, minmay_misc_feat_doors
D:12:     layout_loops_ring, maelrawn_ghost_gauntlet_escape,
          nicolae_blasting_shop, nzn_wu_jian_contemplation
Temple:   dpeg_five_rooms_temple

Skill      XL: |  1  2  3  4  5  6  7  8  9 10 11 |
---------------+----------------------------------+-----
Maces & Flails | 3 4 |  4.0
Dodging        | 3 4 5 6 7 |  7.5
Fighting       | 3 4 5 6 |  6.3
Polearms       | 2 3 4 6 8 9 10 | 10.1
Armour         | 2 4 5 |  5.6
Shields        | 2 3 5 |  5.1
Stealth        | 2 |  2.8
Throwing       | 1 |  1.3

Action                   |  1- 3 |  4- 6 |  7- 9 | 10-12 || total
-------------------------+-------+-------+-------+-------++-------
Melee: Mace              |   105 |       |       |       ||   105
       Trident           |    19 |   117 |   329 |   318 ||   783
       Punch             |       |       |     6 |       ||     6
Throw: Large rock        |       |       |     5 |       ||     5
Invok: Ancestor Life: Ba |       |       |     1 |       ||     1
  Use: Scroll            |       |       |    12 |    11 ||    23
       Potion            |       |       |       |     1 ||     1
 Stab: Sleeping          |     1 |     1 |       |       ||     2
       Distracted        |       |       |     1 |     2 ||     3
Armor: Robe              |    62 |    62 |    83 |       ||   207
       Quicksilver drago |       |       |   109 |   189 ||   298
Dodge: Dodged            |    75 |   119 |   237 |   183 ||   614
Block: Kite shield       |       |       |    35 |   198 ||   233
